 Dungeon Crawl Stone Soup version 0.30-a0-364-gf6b3ef1049 (webtiles) character file.

Game seed: 12860822389222400863

428 Zonian the Ducker (level 7, -6/45 HPs)
             Began as a Djinni Ice Elementalist on Nov 15, 2022.
             Was an Initiate of Ashenzari.
             Mangled by an ogre
             ... wielding a +0 giant club
              (29 damage)
             ... on level 4 of the Dungeon.
             The game lasted 00:08:41 (6896 turns).

Zonian the Ducker (Djinni Ice Elementalist)         Turns: 6896, Time: 00:08:42

Health: -6/45      AC:  3    Str:  7    XL:     7   Next: 18%
Gold:   267        EV: 13    Int: 19    God:    Ashenzari [......] SH:  0 Dex: 13

rFire   + + .      SeeInvis .    c - +1 dagger (venom)
rCold   x . .      Faith    .    (no shield)
rNeg    . . .      Spirit   .    a - +0 robe
rPois   ∞          Reflect  .    b - +0 helmet
rElec   .          Harm     .    (no cloak)
rCorr   .          Rampage  .    (no gloves)
Will    .....                    (boots unavailable)
Stlth   ++........               (no amulet)
HPRegen 0.27/turn                (no ring)
MPRegen 0.00/turn                (no ring)

@: freezing walls, flying, very slightly contaminated, studying Stealth
A: sickness immunity, fire resistance 2, cold vulnerability 1, float, innate
caster, HP casting, extra vitality 1
a: Renounce Religion, Curse Item


You were on level 4 of the Dungeon.
You worshipped Ashenzari.
Ashenzari was noncommittal.
You visited 1 branch of the dungeon, and saw 4 of its levels.

You collected 267 gold pieces.

Inventory:

Hand Weapons
 c - a +1 dagger of venom (weapon)
 d - a +0 rapier
 m - a +0 short sword of flaming
 o - a +2 vampiric trident
 s - a +0 sling
Armour
 a - a +0 robe (worn)
 b - a +0 helmet (worn)
 h - a +0 ring mail
Jewellery
 t - a ring of protection from fire
Wands
 k - a wand of roots (7)
Scrolls
 e - 2 scrolls of vulnerability
 f - a scroll of identify
 g - a scroll of blinking {unknown}
 n - 5 scrolls of teleportation
Potions
 i - 2 potions of might
 l - a potion of heal wounds


   Skills:
 + Level 4.8 Dodging
 * Level 4.0 Stealth
 + Level 4.4 Spellcasting


You couldn't memorise any spells.
You knew the following spells:

 Your Spells              Type           Power      Damage    Failure   Level
a - Freeze                Ice            84%        1d9       1%          1
b - Frozen Ramparts       Ice            42%        1d7       6%          3
c - Ozocubu's Armour      Ice            21%        N/A       6%          3
d - Summon Ice Beast      Ice/Summ       21%        N/A       21%         4
e - Beastly Appendage     Tmut           42%        N/A       1%          1
f - Wereblood             Tmut           21%        N/A       3%          2
g - Vampiric Draining     Necr           21%        2d7       6%          3
Your spell library was empty.

Dungeon Overview and Level Annotations

Branches:
Dungeon (4/15)
 Temple: D:4-7

Altars:
Ashenzari
Gozag
Makhleb
Trog
Wu Jian

Annotations:
D:4 2 transporters


Innate Abilities, Weirdness & Mutations

You are immune to sickness and miasma.
You are immune to poison.
Your flesh is very heat resistant. (rF++)
You are vulnerable to cold. (rC-)
You float through the air rather than walking.
You learn spells naturally, not from books.
Your magical power is your life essence.
You have superior vitality. (+4 MHP)


Message History

You freeze the adder.
The adder is moderately wounded.
The adder seems to slow down.
The adder misses you.
You freeze the adder.
The adder is heavily wounded.
The adder seems to slow down.
The adder closely misses you.
You freeze the adder!
You kill the adder!
Your Stealth skill increases to level 4!
You can't see any susceptible monsters within range! (Use Z to cast anyway.)
You can't see any susceptible monsters within range! (Use Z to cast anyway.) Unknown command.
You reach down and open the door.
There is an open door here.
Found a stone staircase leading down.
Found a stone staircase leading up.
Unknown command.
An ogre comes into view. It is wielding a +0 giant club.
An ogre is nearby!
Unknown command.
The ogre shouts!
Unknown command.
Casting: Freeze (safe; 1% risk of failure)
Confirm with . or Enter, or press ? or * to list all spells.
You miscast Ozocubu's Armour.
You are very lightly contaminated with residual magic.
Nothing appears to happen.
The ogre hits you with a +0 giant club!
Unknown command.
Casting: Ozocubu's Armour (dangerous; 6% risk of failure)
Confirm with . or Enter, or press ? or * to list all spells.
Casting: Frozen Ramparts (dangerous; 6% risk of failure)
Press: ? - help, Dir - look around, f - activate The walls around you are covered in ice.
Unknown command.
You hit the ogre.
The ogre is poisoned.
The ogre is lightly wounded.
The wall freezes the ogre.
The ogre hits you with a +0 giant club!!
Ouch! That really hurt!
You die...

********** *,,,,,,*,* ####
,,,,,*,,,* #*,,,,,,*,# #...
****,*,,,* #.,,,,,,*.# #.##
*,,,,,* #.#**####.# #.#.
*****,,,,*##..,,.....#########.#.
,,,,,,,,,,.....,.................
****,*,*,*,#.#.#.#.#.#.#.#.#.#.#.
*,*,*,*,*,#.#O#.#.#.#.#.#.#.#..
**,*,*,*,*,#.#@#.#.#.#.#.#.#.#.
*,*,*,*,*,*,#.#.#.#.#.#.#.#.#..
**,*,*,*,*,#.#.#.#.#.#.#.#.#.#.
**,*,*,*,*,#.#.#.#.#.#.#.#.#.#.#
*,*,*,*,*,#.#.#.#.#.#.#.#.#.#.#.
*,,*,*,*,#.#.#.#.#.#.#.#.#.#,#.#
*,*,*,*,#.#.#.#.#.#.#.#.#.#.#,**
*,,*,*,*.#.#.#.<.#.#.#.#.#.#.#,#
**,*,*,*,*.#.#.#.#.#.#.#.#.#.#.##


You could see an ogre (very poisoned).

Vanquished Creatures
  An orc priest (D:3)
  Jessica (D:2)
  Natasha (twice) (D:3)
  Terence (D:2)
  Robin (D:3)
  10 gnolls (D:3)
  6 adders
  A dart slug (D:2)
  4 orcs (D:3)
  3 endoplasms
  A giant cockroach (D:2)
  29 goblins
  31 hobgoblins
  5 jackals
  5 kobolds
  8 quokkas
  4 ball pythons
  4 bats
  A frilled lizard (D:2)
  2 rats
120 creatures vanquished.

Notes
Turn   | Place    | Note
-------+----------+-------------------------------------------
     0 | D:1      | Zonian the Djinni Ice Elementalist began the quest for the
                  | Orb.
     0 | D:1      | Zonian set off with the following spells memorised: Freeze,
                  | Frozen Ramparts, Ozocubu's Armour, Summon Ice Beast.
     0 | D:1      | Reached XP level 1. HP: 15/15 MP: 0/0
   355 | D:1      | Reached XP level 2. HP: 19/21 MP: 0/0
  1632 | D:2      | Reached XP level 3. HP: 15/25 MP: 0/0
  1632 | D:2      | Learned a level 1 spell: Beastly Appendage
  1671 | D:2      | Noticed Jessica
  1678 | D:2      | Killed Jessica
  1721 | D:2      | Reached XP level 4. HP: 27/31 MP: 0/0
  2132 | D:2      | Noticed Terence
  2139 | D:2      | Killed Terence
  2140 | D:2      | Reached XP level 5. HP: 14/35 MP: 0/0
  2140 | D:2      | Learned a level 2 spell: Wereblood
  2223 | D:2      | You are sucked into a shaft and drop 1 floor!
  2264 | D:3      | Noticed Natasha
  2270 | D:3      | Killed Natasha
  2770 | D:3      | Found a burning altar of Makhleb.
  3125 | D:3      | Reached XP level 6. HP: 7/40 MP: 0/0
  3757 | D:3      | Noticed Robin
  3764 | D:3      | Killed Robin
  5157 | D:3      | Reached XP level 7. HP: 8/45 MP: 0/0
  5157 | D:3      | Learned a level 3 spell: Vampiric Draining
  5419 | D:3      | Found a broken altar of Ashenzari.
  5427 | D:3      | Became a worshipper of Ashenzari the Shackled
  5455 | D:3      | Found an opulent altar of Gozag.
  5464 | D:3      | Found a bloodstained altar of Trog.
  5614 | D:3      | Found an ornate altar of the Wu Jian Council.
  5672 | D:3      | Noticed Natasha
  5678 | D:3      | Killed Natasha
  6096 | D:4      | Found a transporter.
  6115 | D:4      | Found a transporter.
  6245 | D:4      | Identified a scroll of acquirement
  6245 | D:4      | Acquired a manual of Stealth
  6896 | D:4      | Mangled by an ogre

Illustrated notes

Levels and vault maps discovered:
D:1:      dpeg_arrival_orchard, layout_loops_ring, serial_bayou_pond_e
D:2:      layout_loops_ring, roderic_roman_lattice, uniq_jessica, uniq_terence
D:3:      minmay_goblin_kobold_castle, layout_loops_ring,
          mainiacjoe_overflow_boulevard, lemuel_tele_altar, trog_butcher_becter,
          mainiacjoe_overflow_catwalk_spiral, uniq_robin, uniq_natasha
D:4:      gammafunk_steamed_eel, layout_basic, chequers_serial_rivers_micro_c,
          hangedman_decor_points, goddamned_bats, uniq_eustachio, uniq_grinder

Skill      XL: |  1  2  3  4  5  6  7 |
---------------+----------------------+-----
Stealth        | 2 3 4 |  4.0
Dodging        | 3 4 |  4.8
Spellcasting   | 4 |  4.4

Action                   |  1- 3 |  4- 6 |  7- 9 || total
-------------------------+-------+-------+-------++-------
Melee: Dagger            |    15 |    98 |    37 ||   150
       Headbutt          |       |     4 |       ||     4
 Cast: Freeze            |    28 |    35 |     6 ||    69
       Beastly Appendage |       |     3 |     2 ||     5
       Frozen Ramparts   |       |     9 |     1 ||    10
       Wereblood         |       |     1 |       ||     1
  Use: Scroll            |       |     1 |    12 ||    13
 Stab: Sleeping          |     3 |     7 |     1 ||    11
Armor: Robe              |     7 |    22 |     5 ||    34
Dodge: Dodged            |    23 |    95 |    23 ||   141

Table legend: (Time is in decaauts)
 A = Elapsed time spent in this place.
 B = Non-inter-level travel time spent in this place.
 C = Inter-level travel time spent in this place.
 D = Time resting spent in this place.
 E = Time spent auto-exploring this place.
 F = Levels seen in this place.
 G = Mean time per level.
                   A        B        C        D        E       F      G
               +--------+--------+--------+--------+--------+-----+--------+
         Total |   6901 |   6811 |     90 |   3666 |   2300 |   4 | 1725.2 |
       Dungeon |   6901 |   6811 |     90 |   3666 |   2300 |   4 | 1725.2 |
               +--------+--------+--------+--------+--------+-----+--------+

Top non-repeatable levels by time:
     D:3: 3361 daAuts
     D:1: 1618 daAuts
     D:2: 1071 daAuts
     D:4: 849 daAuts
